[Event "GCT Saint Louis Rapid 2018"]
[Site "Saint Louis"]
[Date "2018.08.12"]
[Round "4"]
[White "Dominguez Perez, Leinier"]
[Black "Anand, Viswanathan"]
[Result "1/2-1/2"]
[ECO "E04"]
[WhiteElo "2754"]
[BlackElo "2771"]
[Annotator "ChessBase"]
[PlyCount "74"]
[EventDate "2018.08.11"]
[EventType "tourn"]
[EventCountry "USA"]
[SourceTitle "playchess.com"]
[Source "ChessBase"]
[SourceQuality "1"]
[TimeControl "1500"]

1. d4 Nf6 2. Nf3 d5 3. c4 e6 4. g3 dxc4 5. Bg2 c5 6. O-O Nc6 7. dxc5 Qxd1 8. Rxd1 Bxc5 9. Nfd2 Na5 10. Na3 Bxa3 11. bxa3 O-O 12. Ne4 Nxe4 13. Bxe4 e5 14. Bb2 Nc6 15. f3 Re8 16. Rab1 f6 17. Bc3 Nd8 18. a4 Rb8 19. a5 Be6 20. a4 a6 21. Rb6 Bf7 22. Rd7 Be6 23. Rc7 Rc8 24. Rxc8 Bxc8 25. Bd5+ Be6 26. Bxb7 Nxb7 27. Rxb7 Ra8 28. Kf2 Bf7 29. Rc7 Be8 30. Rxc4 Bd7 31. Rb4 Rc8 32. Bd2 Rc2 33. Ke1 Ra2 34. Rb6 Ra1+ 35. Kf2 Ra2 36. Ke1 Ra1+ 37. Kf2 Ra2 1/2-1/2